 Dungeon Crawl Stone Soup version 0.14.1-23-g35e4e54 (webtiles) character file.

26455 Kassandra the Bludgeoner (level 12, -2/97 HPs)
             Began as a Demonspawn Berserker on June 10, 2014.
             Was an Elder of Trog.
             Killed from afar by an ice dragon (22 damage)
             ... with a blast of cold
             ... on Level 13 of the Dungeon on June 11, 2014.
             The game lasted 02:16:30 (19226 turns).

Kassandra the Bludgeoner (Demonspawn Berserker)    Turns: 19226, Time: 02:16:30

HP  -2/97        AC 17     Str 20      XL: 12   Next: 91%
MP   0/14        EV 16     Int 12      God: Trog [****..]
Gold 800         SH  0     Dex 12      Spells:  0 memorised, 11 levels left

rFire  . . .     SeeInvis .     k - +1,+2 flail (protect)
rCold  + . .     Clarity  .     (no armour)
rNeg   . . .     Conserve .     (no shield)
rPois  .         rCorr    +     e - +1 helmet
rElec  .         rRot     .     I - +0 cloak
SustAb . .       Spirit   +     (no gloves)
rMut   .         Warding  .     (no boots)
Saprov . . .     Stasis   .     w - amulet of resist corrosion
MR     ++...                    E - +5 ring of protection
                                o - +3 ring of evasion

@: regenerating, drained, very resistant to hostile enchantments, unstealthy
A: hooves 1, icy blue scales 3, demonic guardian 1, magic shield
a: Burn Spellbooks, Berserk, Trog's Hand, Brothers in Arms, Renounce Religion


You were on level 13 of the Dungeon.
You worshipped Trog.
Trog was greatly pleased with you.
You were near starving.

You visited 3 branches of the dungeon, and saw 17 of its levels.
You also visited: Ice Cave.

You collected 800 gold pieces.

Inventory:

Hand weapons
 a - a +1,+1 mace
 k - a +1,+2 flail of protection (weapon)
 p - a cursed +0,-2 battleaxe
 s - a +0,+0 great mace
 x - a +0 blowgun
Missiles
 b - 7 darts (quivered)
 y - a curare-tipped needle
Armour
 d - a +0 plate armour
 e - a +1 helmet (worn)
 l - a +3 ring mail of fire resistance
 G - a +2 robe of cold resistance
 I - a +0 cloak (worn)
Magical devices
 f - a wand of enslavement (16)
 j - a wand of confusion (12)
 u - a wand of fire (7)
 A - a wand of random effects (16) {unknown}
 F - a wand of frost (14)
 H - a wand of teleportation (0)
 K - a wand of slowing (8)
 O - a wand of paralysis (14) {unknown}
 S - a wand of draining (0)
 U - a wand of cold (6) {unknown}
Comestibles
 c - 7 bread rations
 r - an apple
Scrolls
 g - 5 scrolls of fear
 h - 7 scrolls of remove curse
 i - 7 scrolls of identify
 n - a scroll of enchant armour
 t - a scroll of fog
 z - a scroll of blinking
 M - a scroll of acquirement {unknown}
Jewellery
 o - a +3 ring of evasion (left hand)
 w - an amulet of resist corrosion (around neck)
 E - a +5 ring of protection (right hand)
Potions
 C - 2 potions of confusion {unknown}
 D - 2 potions of heal wounds
 L - a potion of agility
 P - a potion of poison {unknown}
 Q - a potion of magic
 R - a potion of curing
Books
 m - a book of Unlife

   Spells                             Type                      Level
   Recall                             Summoning/Translocation      3
   Animate Dead                       Necromancy                   4
   Control Undead                     Necromancy                   4
   Twisted Resurrection               Necromancy                   5
   Death Channel                      Necromancy                   6
   Simulacrum                         Ice/Necromancy               6
   Trog disapproves of the use of such an item.
 q - a book of Battle

   Spells                             Type                      Level
   Infusion                           Charms                       1
   Shroud of Golubria                 Charms/Translocation         2
   Song of Slaying                    Charms                       2
   Spectral Weapon                    Hexes/Charms                 3
   Regeneration                       Charms/Necromancy            3
   Trog disapproves of the use of such an item.
 B - a book of the Earth

   Spells                             Type                      Level
   Leda's Liquefaction                Hexes/Earth                  4
   Bolt of Magma                      Conjuration/Fire/Earth       5
   Statue Form                        Transmutation/Earth          6
   Iron Shot                          Conjuration/Earth            6
   Shatter                            Earth                        9
   Trog disapproves of the use of such an item.
 N - a book of Flames

   Spells                             Type                      Level
   Flame Tongue                       Conjuration/Fire             1
   Throw Flame                        Conjuration/Fire             2
   Conjure Flame                      Conjuration/Fire             3
   Inner Flame                        Hexes/Fire                   3
   Sticky Flame                       Conjuration/Fire             4
   Fireball                           Conjuration/Fire             5
   Trog disapproves of the use of such an item.
Magical staves
 J - an uncursed staff of cold
Miscellaneous
 v - a crystal ball of energy


   Skills:
 + Level 9.7(9.5) Fighting
 + Level 15.1(14.9) Maces & Flails
 + Level 8.2(8.0) Armour
 + Level 5.8(5.6) Dodging
 + Level 0.4(0.2) Stealth
 + Level 1.2(1.0) Evocations


You had 11 spell levels left.
You didn't know any spells.

Dungeon Overview and Level Annotations

Branches:
Dungeon (13/15)            Temple (1/1) D:7             Orc (0/4) D:10
   Lair (3/8) D:8
  Swamp: Lair:3-6    Shoals: Lair:3-6     Snake: Lair:3-6    Spider: Lair:3-6
 Vaults: D:13-14

Altars:
Ashenzari
Cheibriados
Dithmenos
Elyvilon
Fedhas
Kikubaaqudgha
Makhleb
Nemelex Xobeh
Okawaru
Sif Muna
Trog
Vehumet
Xom
Yredelemnul
Zin
The Shining One
Jiyva

Shops:
D:9 [


Innate Abilities, Weirdness & Mutations

You are completely covered in icy blue scales (AC +4, EV -1, rC+).
A weak demonic guardian rushes to your aid.
When hurt, damage is shared between your health and your magic reserves.
You have large cloven feet.


Message History

The blast of cold hits you! You resist.
The blast of cold hits your crimson imp.
Your crimson imp is frozen!
Your crimson imp dies!
The two-headed ogre hits you with a giant club!
The two-headed ogre hits you but does no damage.
A mana viper comes into view.
The ice dragon breathes frost at you. The blast of cold hits you! You resist.
Use which ability? (? or * to list)
Your skin crawls.
You feel resistant to hostile enchantments.
You feel slightly more hungry.
The mana viper changes into a merfolk!
The two-headed ogre hits you with a giant club!
* * * LOW HITPOINT WARNING * * *
The two-headed ogre completely misses you.
You are near starving!
The ice dragon breathes frost at you. The blast of cold hits you! You resist.
You die...

.......###.#.###..##
#.#.##.###.#........
#.#........#..##..#.
#...##.##...........
#...##........#####.
#.D...........# #. #
#.#.##)##.##..# #.
#.####D#.##.##.....# #.
#....WO#@##.#####.#### #.
#..m)m.#.##..........###.
########.#######.....##..
......##..........##..
.....##.####.....##.#
#.#.##.# #.....##.#
#......# ########..
###.#### ### ####.####


You could see an ice dragon.

Vanquished Creatures
  The ghost of erdraug the Grappler, a powerful TrTm of Kikubaaqudgha (D:11)
  Josephine (D:10)
  Fannar (D:10)
  Harold (D:13)
  2 hydras
  The ghost of vatarom the Cruncher, an experienced MiGl of Okawaru (D:11)
  A tengu warrior (D:11)
  The ghost of BoredOne the Sneak, an experienced VSEn (D:9)
  Erolcha (D:8)
  3 hill giants
  2 cyclopes (D:11)
  A manticore (D:11)
  Maurice (D:8)
  A gargoyle (D:11)
  A spiny frog (Lair:3)
  A centaur zombie (D:10)
  2 trolls (D:12)
  2 ravens (D:11)
  A brown ooze (shapeshifter) (D:13)
  A spriggan (D:7)
  3 sharks
  3 wyverns
  11 yaks
  A deep elf mage (D:11)
  4 ugly things (D:10)
  A hungry ghost (D:12)
  Eustachio (D:10)
  A deep elf fighter (D:8)
  5 wolves (Lair:3)
  7 hippogriffs
  A mottled dragon (D:10)
  3 porcupines
  15 ice beasts
  4 water moccasins
  5 sky beasts
  6 orc warriors
  A black bear (D:6)
  7 ogres
  An orc skeleton (D:13)
  3 centaurs
  A crocodile (Lair:3)
  2 phantoms
  A big kobold (D:8)
  4 giant slugs
  Blork the orc (D:7)
  3 giant frogs
  A gnoll sergeant (D:7)
  2 scorpions
  A troll zombie (D:10)
  12 killer bees
  A hippogriff zombie (D:12)
  3 crimson imps
  A vampire bat (D:10)
  3 lava snakes (D:12)
  A giant frog zombie (D:11)
  5 goliath beetles
  A gnoll shaman (D:9)
  4 iguanas
  4 electric eels
  7 hounds
  A big fish (Lair:1)
  7 orc priests
  6 jellies
  A giant frog skeleton (D:6)
  2 centaur skeletons
  7 orc wizards
  An elf skeleton (D:6)
  A shapeshifter simulacrum (D:10)
  8 worker ants
  9 sheep (Lair:1)
  A sky beast zombie (D:11)
  Jessica (D:2)
  3 wandering mushrooms (Lair:1)
  A hound skeleton (D:4)
  Terence (D:2)
  A mottled dragon simulacrum (D:10)
  12 adders
  9 gnolls
  18 green rats
  2 giant mites
  A shadow imp (D:5)
  8 worms
  2 adder zombies
  An adder skeleton (D:5)
  7 giant geckos
  3 oozes
  41 orcs
  5 giant cockroaches
  11 hobgoblins
  13 jackals
  12 quokkas
  43 bats
  7 giant newts
  A giant spore (D:12)
  18 goblins
  A hobgoblin skeleton (D:5)
  A hobgoblin zombie (D:10)
  15 kobolds
  A kobold skeleton (D:5)
  A kobold zombie (D:5)
  23 rats
  A spectral orc (D:6)
  4 ballistomycetes (D:12)
479 creatures vanquished.

Vanquished Creatures (collateral kills)
  A hydra (Lair:2)
  A black mamba (Lair:2)
  A basilisk (Lair:2)
  A hill giant zombie (D:5)
  2 ugly things (D:10)
  2 ice beasts
  2 ogres
  A crocodile (D:8)
  Sigmund (D:6)
  2 giant frogs
  A killer bee (D:7)
  3 gnolls (D:7)
  A green rat (Lair:3)
  A shadow imp (D:10)
  An orc simulacrum (D:10)
  A giant gecko (D:3)
  2 orcs
  A bat (D:10)
  A goblin (D:11)
  A kobold (D:5)
  A rat (D:5)
28 creatures vanquished.

Vanquished Creatures (others)
  A water moccasin (D:12)
  3 ogres
  17 crimson imps
  24 quasits
  12 iron imps
  16 white imps
  26 ufetubi
  A rat (D:8)
  A ballistomycete (D:12)
101 creatures vanquished.

Grand Total: 608 creatures vanquished

Notes
Turn   | Place    | Note
--------------------------------------------------------------
     0 | D:1      | Kassandra, the Demonspawn Berserker, began the quest for the Orb.
     0 | D:1      | Reached XP level 1. HP: 18/18 MP: 1/1
   400 | D:1      | Gained mutation: A weak demonic guardian rushes to your aid. [demonic ancestry]
   400 | D:1      | Reached XP level 2. HP: 20/24 MP: 2/2
   814 | D:1      | Acquired Trog's second power
  1066 | D:2      | Reached XP level 3. HP: 29/29 MP: 3/3
  1095 | D:2      | Noticed Jessica
  1105 | D:2      | Killed Jessica
  1133 | D:2      | Noticed Terence
  1145 | D:2      | Killed Terence
  1145 | D:2      | Reached skill level 4 in Maces & Flails
  1429 | D:2      | Gained mutation: When hurt, damage is shared between your health and your magic reserves. [demonic ancestry]
  1429 | D:2      | Reached XP level 4. HP: 31/35 MP: 4/4
  2099 | D:3      | Reached skill level 5 in Maces & Flails
  2314 | D:3      | Found a blossoming altar of Fedhas.
  2478 | D:3      | Reached XP level 5. HP: 38/41 MP: 5/5
  2506 | D:3      | Noticed an ogre
  2528 | D:3      | Killed an ogre
  3147 | D:4      | Reached skill level 6 in Maces & Flails
  3353 | D:4      | Gained mutation: You are partially covered in icy blue scales (AC +1). [demonic ancestry]
  3353 | D:4      | Reached XP level 6. HP: 44/47 MP: 4/6
  3503 | D:4      | Found a deep blue altar of Sif Muna.
  4216 | D:5      | Entered Level 5 of the Dungeon
  4326 | D:5      | Noticed a hill giant zombie
  4385 | D:5      | Killed a hill giant zombie
  4385 | D:5      | Reached skill level 7 in Maces & Flails
  4396 | D:5      | Reached XP level 7. HP: 23/52 MP: 4/7
  4758 | D:5      | Reached skill level 8 in Maces & Flails
  5416 | D:6      | Gained mutation: You have large cloven feet. [potion of mutation]
  5416 | D:6      | Gained mutation: You evolve. [potion of mutation]
  5416 | D:6      | Gained mutation: You have a fast metabolism. [potion of mutation]
  5541 | D:6      | Acquired Trog's third power
  5542 | D:6      | Noticed Sigmund
  5551 | D:6      | Killed Sigmund
  5551 | D:6      | Reached XP level 8. HP: 58/58 MP: 6/8
  5641 | D:6      | Found a basalt altar of Yredelemnul.
  5718 | D:6      | Reached skill level 9 in Maces & Flails
  5842 | D:6      | Found a white marble altar of Elyvilon.
  5867 | D:6      | Got a dazzling short sword
  5868 | D:6      | Identified the +1,+5 short sword "Ofaeqid" {antimagic, rElec rPois Str-2 Int+1} (You found it on level 6 of the Dungeon)
  6651 | D:7      | Noticed Blork the orc
  6660 | D:7      | Killed Blork the orc
  6728 | D:7      | Reached skill level 10 in Maces & Flails
  7157 | D:7      | Found a staircase to the Ecumenical Temple.
  7165 | Temple   | Entered the Ecumenical Temple
  7283 | D:7      | Reached XP level 9. HP: 18/65 MP: 4/9
  7795 | D:8      | Reached skill level 11 in Maces & Flails
  7953 | D:8      | Noticed Maurice
  8234 | D:8      | Killed Maurice
  8269 | D:8      | Noticed Erolcha
  8301 | D:8      | Killed Erolcha
  8301 | D:8      | Reached skill level 5 in Fighting
  8500 | D:8      | Reached skill level 12 in Maces & Flails
  8842 | D:8      | Found a staircase to the Lair.
  9056 | D:8      | Gained mutation: You are mostly covered in icy blue scales (AC +3, EV -1). [demonic ancestry]
  9056 | D:8      | Reached XP level 10. HP: 57/76 MP: 7/10
  9364 | D:8      | Paralysed by a potion of paralysis for 7 turns
  9507 | D:9      | Lost mutation: You have a fast metabolism. [evolution]
  9507 | D:9      | Lost mutation: You evolve. [end of evolution]
  9550 | D:9      | Found a bloodstained altar of Trog.
  9564 | D:9      | Found a viscous altar of Jiyva.
  9579 | D:9      | Received a gift from Trog
  9580 | D:9      | Got a dazzling quarterstaff {god gift}
  9581 | D:9      | Identified the +4,+5 quarterstaff of Truncation {crush, +Rage MR+ Dex+1} (Trog gifted it to you on level 9 of the Dungeon)
  9587 | D:9      | Found Naebup's Antique Armour Shoppe.
  9644 | D:9      | Noticed BoredOne's ghost (experienced VSEn)
  9675 | D:9      | Killed BoredOne's ghost
 10272 | D:10     | Entered Level 10 of the Dungeon
 10384 | D:10     | Noticed Eustachio
 10449 | Lair:1   | Entered Level 1 of the Lair of Beasts
 10685 | Lair:1   | Reached skill level 13 in Maces & Flails
 11359 | Lair:1   | Reached XP level 11. HP: 74/84 MP: 11/11
 11519 | Lair:1   | Reached skill level 5 in Armour
 12303 | Lair:2   | Noticed an eight-headed hydra
 12327 | Lair:2   | Killed an eight-headed hydra
 12423 | Lair:2   | Found a snail-covered altar of Cheibriados.
 13119 | Lair:3   | Found a frozen archway.
 13511 | IceCv    | Entered an ice cave
 13716 | IceCv    | Noticed an ice statue
 13716 | IceCv    | Noticed an ice statue
 13716 | IceCv    | Noticed an ice statue
 14168 | Lair:3   | HP: 3/86 [black mamba (5)]
 14188 | Lair:2   | HP: 4/86 [poisoned by a black mamba]
 14193 | Lair:2   | HP: 3/86 [poisoned by a black mamba]
 14198 | Lair:2   | HP: 4/86 [poisoned by a black mamba]
 14206 | Lair:2   | HP: 4/86 [poisoned by a black mamba]
 14211 | Lair:2   | HP: 4/86 [poisoned by a black mamba]
 14218 | Lair:2   | HP: 3/86 [poisoned by a black mamba]
 14226 | Lair:2   | HP: 3/86 [poisoned by a black mamba]
 15288 | D:10     | Killed Eustachio
 15675 | D:10     | Noticed Josephine
 15710 | D:10     | Killed Josephine
 15781 | D:10     | Found a staircase to the Orcish Mines.
 15832 | D:10     | Noticed Fannar
 15856 | D:10     | Killed Fannar
 15856 | D:10     | Reached skill level 14 in Maces & Flails
 15949 | D:10     | Gained mutation: You are completely covered in icy blue scales (AC +4, EV -1, rC+). [demonic ancestry]
 15949 | D:10     | Reached XP level 12. HP: 81/94 MP: 13/13
 16036 | D:11     | Noticed a tengu warrior
 16084 | D:11     | Killed a tengu warrior
 16181 | D:11     | Noticed erdraug's ghost (powerful TrTm)
 16201 | D:11     | Killed erdraug's ghost
 16201 | D:11     | Reached skill level 5 in Dodging
 16813 | D:11     | Noticed a hill giant
 16827 | D:11     | Killed a hill giant
 17130 | D:11     | Noticed vatarom's ghost (experienced MiGl)
 17152 | D:11     | Killed vatarom's ghost
 17605 | D:12     | Noticed a five-headed hydra
 17617 | D:12     | Killed a five-headed hydra
 18549 | D:12     | Reached skill level 15 in Maces & Flails
 18906 | D:13     | Noticed a four-headed hydra
 18919 | D:13     | Killed a four-headed hydra
 19077 | D:13     | Noticed Harold
 19095 | D:13     | Reached skill level 1 in Evocations
 19099 | D:13     | Killed Harold
 19211 | D:13     | Noticed an ice dragon
 19226 | D:13     | Killed from afar by an ice dragon

Action                   |  1- 3 |  4- 6 |  7- 9 | 10-12 || total
-------------------------+-------+-------+-------+-------++-------
Melee: Mace              |    97 |   241 |   689 |  1279 ||  2306
       Flail             |       |       |       |   308 ||   308
       Great mace        |       |       |       |   105 ||   105
Invok: Trog's Hand       |     2 |     4 |     9 |    24 ||    39
       Berserk           |     1 |       |     2 |     6 ||     9
       Brothers in Arms  |       |       |       |     5 ||     5
Evoke: Wand              |       |       |       |     6 ||     6
  Use: Potion            |       |     4 |     4 |     6 ||    14
       Scroll            |       |     5 |     7 |     4 ||    16
 Stab: Distracted        |       |     2 |     4 |     7 ||    13
